cohdb
Replays
Latest Replays
All Replays
Popular Replays
Top Player Replays
Match Explorer
How It Works
Community
CoH3 Stats
Reddit
Sign in to upload your games and track your stats! →
Sign in with Steam
Match 32828909
Unlisted
Match 32828909
Overview
Messages
Build Orders
End
Construct Infanterie Kompanie
Grenadier Squad
MG 42 Machine Gun Team
Selects Mechanized Battlegroup
Grenadier Squad
Construct Panzergrenadier Kompanie
Panzergrenadier Squad
Medical Station
Selects Raid Package
Selects StuG Assault Group
StuG Assault Group
Pak 40 Anti-tank Gun Team
Pioneer Squad
Construct Panzer Kompanie
Selects Spotting Scopes
Selects UNKNOWN (2160084)
Selects Stoßtruppen Assault Package
Selects Mechanized Assault
Selects Mechanized Assault
Stoßtruppen Squad
Panther Heavy Tank
Panther Heavy Tank
Stoßtruppen Squad
Sturmpanzer IV Brummbär
Mechanized Assault
zichen.gao2015
MaXiS
0
0
Comments
sign in to comment!
No comments posted yet!